 Dungeon Crawl Stone Soup version 0.26.0-10-g1f06aea511 (webtiles) character file.

Game seed: 4869296952678135232

3638 inmateoo the Archer (level 9, 0/84 HPs)
             Began as a Palentonga Hunter on Feb 3, 2021.
             Slain by a death yak (19 damage)
             ... on level 9 of the Dungeon on Feb 6, 2021.
             The game lasted 00:12:29 (11615 turns).

inmateoo the Archer (Palentonga Hunter)            Turns: 11615, Time: 00:12:29

Health: 0/84       AC: 19    Str: 16      XL:     9   Next: 87%
Magic:  9/9        EV: 15    Int: 12      God:
Gold:   283        SH:  5    Dex: 12 (13) Spells: 8/8 levels left

rFire    . . .     SeeInvis +   p - +0 trident (protect)
rCold    . . .     Faith    .   (no shield)
rNeg     . . .     Spirit   .   c - +0 leather armour
rPois    .         Reflect  +   x - +0 helmet
rElec    .         Harm     .   l - scarf {shadows}
rCorr    .         Rampage  .   (no gloves)
Will     .....                  (no barding)
Stlth    +.........             e - amulet of reflection
HPRegen  0.24/turn              g - +4 ring of evasion
MPRegen  0.11/turn              (no ring)

@: mighty, protection aura, very slightly contaminated, invisible, curled up
A: large, rugged brown scales 3, see invisible, deformed body, roll 1, armoured
tail, reflexive curl
a: Rolling Charge


You were on level 9 of the Dungeon.
You visited 2 branches of the dungeon, and saw 10 of its levels.
You also visited: Ossuary.

You collected 418 gold pieces.
You spent 135 gold pieces at shops.

Inventory:

Hand Weapons
 a - a +1 shortbow
 p - a +0 trident of protection (weapon)
Missiles
 u - 39 arrows
Armour
 c - a +0 leather armour (worn)
 l - a scarf of shadows (worn)
 x - a +0 helmet (worn)
Jewellery
 e - an amulet of reflection (around neck)
 g - a +4 ring of evasion (left hand)
 o - an uncursed ring of flight
Wands
 b - a wand of iceblast (1)
 A - a wand of enslavement (4)
Scrolls
 f - a scroll of remove curse
 n - 4 scrolls of identify
 v - 2 scrolls of fog
 y - a scroll of magic mapping
Potions
 d - 4 potions of brilliance
 h - 3 potions of mutation
 i - 4 potions of flight
 j - 4 potions of curing
 k - a potion of resistance
 t - 4 potions of attraction
 w - a potion of ambrosia


   Skills:
 + Level 7.2 Fighting
 * Level 2.0 Polearms
 - Level 10.0 Bows
 + Level 4.2 Dodging
 - Level 0.5 Stealth


You had 8 spell levels left.
You didn't know any spells.
Your spell library was empty.

Dungeon Overview and Level Annotations

Branches:
Dungeon (9/15)             Temple (1/1) D:6         Ossuary (visited)
   Lair: D:8-11         Orc: D:9-12

Altars:
Ashenzari
Cheibriados
Dithmenos
Fedhas
Gozag
Hepliaklqana
Kikubaaqudgha
Makhleb
Nemelex Xobeh
Qazlal
Ru
Sif Muna
Uskayaw
Vehumet
Wu Jian
Xom
Yredelemnul
Zin
The Shining One

Shops:
D:4 *


Innate Abilities, Weirdness & Mutations

You are completely covered in rugged brown scales. (AC +3, +7% HP)
You have supernaturally acute eyesight. (SInv)
Armour fits poorly on your strangely shaped body.
You can roll at nearby foes to attack.
You have a long armoured tail.
You curl defensively after being hit.


Message History

The death yak is severely wounded.
The orc warrior shouts!
The death yak misses you. The death yak completely misses you.
You strike the helpless death yak from behind!
You hit the death yak.
The death yak is almost dead.
The death yak gores you!
* * * LOW HITPOINT WARNING * * *
The death yak gores you but does no damage.
You puncture the death yak!
The death yak is almost dead.
The death yak gores you but does no damage.
The death yak gores you!
* * * LOW HITPOINT WARNING * * *
The death yak closely misses you. The death yak barely misses you.
You feel better.
The death yak snorts and paws the ground.
The death yak closely misses you. x2
You feel better. The death yak gores you!!
You die...

.. #.# #.#
#.# #.#
+.#########
#.........#
#Y######..#
#@# #..# #Y#
#..# #Y#
#..# ##h#
#..#
#YY######.†#
........†.<#
.Y.........#
#..........#
#..........#


You could see 6 death yaks and a hound.

Vanquished Creatures
  A cyclops (D:8)
  Sigmund (D:4)
  A water moccasin (D:7)
  2 orc warriors
  2 sky beasts (D:7)
  An ice beast (D:7)
  A necrophage (D:7)
  4 ogres
  A centaur (D:8)
  2 bullfrogs
  A big kobold (D:8)
  2 water moccasin zombies (Ossuary)
  A scorpion (D:4)
  4 killer bees
  2 howler monkeys (D:4)
  A bullfrog zombie (D:6)
  A centaur zombie (D:8)
  A bullfrog skeleton (D:6)
  5 hounds
  A jelly (D:7)
  6 orc priests
  9 orc wizards
  A centaur skeleton (D:4)
  2 iguanas
  Terence (D:2)
  7 worker ants
  A big kobold zombie (Ossuary)
  3 hound skeletons
  2 howler monkey zombies
  2 mummies (Ossuary)
  4 gnolls (D:3)
  8 adders
  2 shadow imps
  4 white imps
  2 ufetubi (D:7)
  An ooze (D:3)
  4 adder zombies (Ossuary)
  3 adder skeletons
  3 worms
  6 dart slugs
  7 leopard geckos
  29 orcs
  2 ball pythons (D:3)
  5 giant cockroaches
  6 goblins
  3 hobgoblins
  4 jackals
  9 kobolds
  A quokka (D:6)
  7 bats
  8 frilled lizards
  2 gnoll zombies (Ossuary)
  6 hobgoblin zombies (Ossuary)
  7 kobold zombies (Ossuary)
  A leopard gecko zombie (D:5)
  3 orc zombies (Ossuary)
  8 rats
214 creatures vanquished.

Vanquished Creatures (others)
  A killer bee (D:9)
  An orc wizard (D:8)
  13 fungi (D:5)
  4 plants (D:3)
19 creatures vanquished.

Grand Total: 233 creatures vanquished

Notes
Turn   | Place    | Note
-------+----------+-------------------------------------------
     0 | D:1      | inmateoo the Palentonga Hunter began the quest for the Orb.
     0 | D:1      | Reached XP level 1. HP: 18/18 MP: 1/1
   413 | D:1      | Reached XP level 2. HP: 25/25 MP: 2/2
   947 | D:2      | Reached XP level 3. HP: 32/32 MP: 3/3
  1097 | D:2      | Noticed Terence
  1414 | D:2      | Reached XP level 4. HP: 39/39 MP: 4/4
  1753 | D:2      | Killed Terence
  1888 | D:2      | Found a shimmering blue altar of Sif Muna.
  2049 | D:3      | Reached skill level 4 in Bows
  2065 | D:3      | Reached XP level 5. HP: 30/48 MP: 5/5
  3137 | D:4      | Found a hazy altar of Hepliaklqana.
  3171 | D:4      | Reached XP level 6. HP: 50/55 MP: 6/6
  3241 | D:4      | Found a burning altar of Makhleb.
  3295 | D:4      | Found Kiam's Assorted Antiques.
  3298 | D:4      | Bought a scroll of identify for 46 gold pieces
  3298 | D:4      | Bought a scroll of teleportation for 69 gold pieces
  3298 | D:4      | Bought a red potion for 20 gold pieces
  3342 | D:4      | Paralysed by an orc for 2 turns
  3353 | D:4      | Noticed Sigmund
  3511 | D:4      | Killed Sigmund
  4031 | D:4      | Gained mutation: You curl defensively after being hit.
                  | [Palentonga growth]
  4031 | D:4      | Reached XP level 7. HP: 38/64 MP: 7/7
  4395 | D:4      | Reached skill level 5 in Bows
  4408 | D:4      | Reached skill level 5 in Fighting
  4735 | D:5      | Entered Level 5 of the Dungeon
  5041 | D:5      | Reached XP level 8. HP: 38/74 MP: 8/8
  5542 | D:5      | Reached skill level 6 in Bows
  7004 | D:6      | Reached skill level 7 in Bows
  7704 | D:6      | Found a staircase to the Ecumenical Temple.
  7752 | Temple   | Entered the Ecumenical Temple
  8211 | D:7      | Reached skill level 8 in Bows
  8211 | D:7      | Reached XP level 9. HP: 35/84 MP: 9/9
  8739 | D:7      | Found a glowing golden altar of the Shining One.
  8885 | D:7      | Reached skill level 9 in Bows
  9354 | D:7      | Found a stormy altar of Qazlal.
  9822 | D:8      | Found a sand-covered staircase.
  9827 | Ossuary  | Entered an ossuary
 10183 | D:8      | Noticed a cyclops
 10560 | D:8      | Killed a cyclops
 10561 | D:8      | Reached skill level 10 in Bows
 10882 | D:8      | Reached skill level 1 in Polearms
 10918 | D:7      | HP: 4/84 [poisoned by a worker ant]
 10924 | D:7      | HP: 3/84 [poisoned by a worker ant]
 10930 | D:7      | HP: 2/84 [poisoned by a worker ant]
 10937 | D:7      | HP: 2/84 [poisoned by a worker ant]
 11328 | D:8      | Found a shadowy altar of Dithmenos.
 11489 | D:9      | HP: 4/84 [killer bee (6)]
 11568 | D:9      | Noticed a death yak
 11594 | D:9      | Noticed a death yak
 11595 | D:9      | Noticed a death yak
 11599 | D:9      | Noticed a death yak
 11600 | D:9      | Noticed a death yak
 11602 | D:9      | Noticed a death yak
 11602 | D:9      | Noticed a death yak
 11607 | D:9      | HP: 4/84 [death yak (16)]
 11609 | D:9      | Noticed a death yak
 11613 | D:9      | HP: 2/84 [death yak (11)]
 11615 | D:9      | Slain by a death yak

Illustrated notes

Levels and vault maps discovered:
D:1:      minmay_arrival_loop, layout_basic
D:2:      layout_loops_ring, nicolae_overflow_hidden_temple, led_sif_pool,
          uniq_terence
D:3:      wad_lake_hut, layout_loops_ring
D:4:      minmay_chambers_of_twos, layout_cave_pools,
          nzn_hepliaklqana_mist_gate, lightli_temple_of_fire, serial_shops,
          kennysheep_mini, uniq_sigmund
D:5:      layout_basic, serial_aquarium, aquarium_bridge_straight
          [aquarium_subvault_bridge, aquarium_subvault_window,
          aquarium_subvault_bridge, aquarium_subvault_window],
          aquarium_bridge_square [aquarium_subvault_bridge,
          aquarium_subvault_bridge, aquarium_subvault_window,
          aquarium_subvault_wall], aquarium_window_fake,
          aquarium_window_corridor_3, aquarium_window_1, aquarium_view_2e,
          aquarium_pool_1, chequers_mini_garden
D:6:      layout_basic, minmay_temple_entry_ruins
D:7:      layout_loops_ring, tso_metal_star, chequers_serial_rivers_marsh,
          nicolae_qazlal_general_emergency
D:8:      layout_basic, general_overflow_altar, nicolae_ossuary_entry_plus
D:9:      layout_irregular_city, kennysheep_okawaru_gauntlet,
          lemuel_crystal_altar, dpeg_lair_monsters, st_stairs_5,
          hangedman_abyss_or_decor_passed, kennysheep_generic_room_16,
          uniq_grum, uniq_joseph
Temple:   eino_wide_crystal_templ

Skill      XL: |  1  2  3  4  5  6  7  8  9 |
---------------+----------------------------+-----
Dodging        | 2 3 4 |  4.2
Fighting       | 3 4 6 7 |  7.2
Bows           | 4 5 8 10 | 10.0
Polearms       | 2 |  2.0
Stealth        | |  0.5

Action                   |  1- 3 |  4- 6 |  7- 9 || total
-------------------------+-------+-------+-------++-------
Melee: Short sword       |     4 |     6 |       ||    10
       Trident           |       |   151 |   758 ||   909
       Tailslap          |       |    18 |   110 ||   128
       Unarmed           |       |       |    13 ||    13
 Fire: Shortbow          |    95 |    42 |       ||   137
Evoke: Wand              |       |     5 |     8 ||    13
  Use: Scroll            |     6 |     9 |    11 ||    26
       Potion            |       |       |    14 ||    14
 Stab: Sleeping          |       |       |     2 ||     2
       Invisible         |       |       |     3 ||     3
Armor: Leather armour    |    16 |    43 |   205 ||   264
       Skin              |       |       |    13 ||    13
Dodge: Dodged            |    32 |   140 |   629 ||   801
Block: Other             |       |    50 |   190 ||   240
       Reflection        |       |     2 |     6 ||     8
